 Dungeon Crawl Stone Soup version 0.32-a0-913-g739538afd8 (webtiles) character file.

Game seed: 7921294757270404779

10 Adrian566 the Caller (level 2, 12/19 HPs)
             Began as a Demonspawn Summoner on Apr 1, 2024.
             Quit the game on level 1 of the Dungeon on Apr 8, 2024.
             The game lasted 00:02:10 (300 turns).

Adrian566 the Caller (Demonspawn Summoner)           Turns: 300, Time: 00:02:11

Health: 12/19      AC:  2    Str:  8    XL:     2   Next: 10%
Magic:  5/5        EV: 11    Int: 15    God:
Gold:   0          SH:  0    Dex: 13    Spells: 4/5 levels left

rFire   . . .        (no weapon)
rCold   . . .        (no shield)
rNeg    . . .        a - +0 robe
rPois   .            (no helmet)
rElec   .            (no cloak)
rCorr   .            (no gloves)
SInv    .            (no boots)
Will    .....        (no amulet)
Stlth   ++           (no ring)
HPRegen 0.23/turn    (no ring)
MPRegen 0.09/turn

%: no passive effects
@: no status effects
A: sturdy frame 1
a: no special abilities


You were on level 1 of the Dungeon.
You visited 1 branch of the dungeon, and saw 1 of its levels.

Inventory:

Armour
 a - a +0 robe (worn)
Potions
 b - a potion of magic


   Skills:
 + Level 1.8 Dodging
 + Level 1.7 Stealth
 + Level 0.4 Unarmed Combat
 + Level 2.1 Spellcasting
 + Level 4.3 Summonings


You had 4 spell levels left.
You knew the following spells:

 Your Spells              Type           Power      Damage    Failure   Level
a - Summon Small Mammal   Summ           56%        N/A       3%          1

Your spell library contained the following spells:

 Spells                   Type           Power      Damage    Failure   Level
 Call Imp                 Summ           28%        N/A       6%          2
 Call Canine Familiar     Summ           14%        N/A       12%         3
 Summon Blazeheart Golem  Fire/Summ      8%         N/A       65%         4
 Summon Lightning Spire   Summ/Air       8%         N/A       65%         4


Dungeon Overview and Level Annotations

Branches:
Dungeon (1/15)

Altars:


Innate Abilities, Weirdness & Mutations

Your movements are slightly less encumbered by armour. (ER -2)


Message History

The endoplasm jiggles.
The endoplasm barely misses your quokka.
Your quokka bites the endoplasm.
You swap places.
The endoplasm freezes you.
You are frozen.
You hit the endoplasm.
The endoplasm is severely wounded.
The endoplasm freezes you.
You are frozen.
Your quokka barely misses the endoplasm.
You hit the endoplasm.
You kill the endoplasm!
Your quokka bites the goblin.
Your quokka misses the goblin. The goblin attacks as it pursues you!
The goblin misses you.
Your quokka misses the goblin. The goblin attacks as it pursues you!
The goblin hits you with a +0 dagger.
Your quokka barely misses the goblin.
The goblin attacks as it pursues you! The goblin hits you with a +0 dagger.
Your quokka bites the goblin.
The goblin dies!
You have reached level 2!
Your demonic ancestry asserts itself...
You feel less encumbered by your armour.
You hit the goblin.
You kill the goblin!
You see here a +0 dagger.
Welcome back, Adrian566 the Demonspawn Summoner.
Press ? for a list of commands and other information.
Okay, then.
Unknown command.
Are you sure you want to abandon this character and quit the game? (Confirm with "yes".)
Okay, then.
Unknown command.
Unknown command.
Unknown command.
Unknown command.
No target in view!
Unknown command.
Are you sure you want to abandon this character and quit the game? (Confirm with "yes".)

........##.#
#.#
.#########)#
#.# #.# #)#
#.# #.#
###.### #)#
#.....###.#
#.........#
............r#
#.##........@#
# #.....#.#.#
###.###.#.#
.... #.#.#
....# ....#
.... ....#
..## .# #.


You could see a friendly quokka (summoned).

Vanquished Creatures
  A ball python (D:1)
  An endoplasm (D:1)
  2 goblins (D:1)
  A hobgoblin (D:1)
5 creatures vanquished.

Vanquished Creatures (collateral kills)
  A kobold (D:1)
  2 goblins (D:1)
3 creatures vanquished.

Grand Total: 8 creatures vanquished

Notes
Turn   | Place    | Note
-------+----------+-------------------------------------------
     0 | D:1      | Adrian566 the Demonspawn Summoner began the quest for the
                  | Orb.
     0 | D:1      | Reached XP level 1. HP: 13/13 MP: 3/3
   298 | D:1      | Gained mutation: Your movements are slightly less
                  | encumbered by armour. (ER -2) [demonic ancestry]
   298 | D:1      | Reached XP level 2. HP: 12/19 MP: 5/5
   300 | D:1      | Upgraded the game from 0.32-a0-876-gcfddb08e57 to
                  | 0.32-a0-913-g739538afd8
   300 | D:1      | Quit the game

Illustrated notes

Levels and vault maps discovered:
D:1:      lemuel_arrival_cross, layout_loops_ring

Action                     || total
---------------------------++-------
  Melee: Unarmed           ||    43
   Cast: Summon Small Mamm ||     7
 Armour: Robe              ||    22
  Dodge: Dodged            ||    26

Table legend: (Time is in decaauts)
 A = Elapsed time spent in this place.
 B = Non-inter-level travel time spent in this place.
 C = Inter-level travel time spent in this place.
 D = Time resting spent in this place.
 E = Time spent auto-exploring this place.
 F = Levels seen in this place.
 G = Mean time per level.
                   A        B        C        D        E       F      G
               +--------+--------+--------+--------+--------+-----+--------+
         Total |    299 |    299 |      0 |    110 |     73 |   1 |  299.0 |
       Dungeon |    299 |    299 |      0 |    110 |     73 |   1 |  299.0 |
               +--------+--------+--------+--------+--------+-----+--------+

Top non-repeatable levels by time:
     D:1: 299 daAuts
